 Dungeon Crawl Stone Soup version 0.31-a0-188-g5e087ee2ca (webtiles) character file.

Game seed: 15285474917309874802

65 qw the Shooter (level 3, 0/19 (20) HPs)
             Began as a Deep Elf Hunter on June 22, 2023.
             Slain by an orc
             ... wielding a +0 mace
              (5 damage)
             ... on level 2 of the Dungeon.
             The game lasted 00:00:37 (1589 turns).

qw the Shooter (Deep Elf Hunter)                    Turns: 1589, Time: 00:00:38

HP:   0/19 (20)     AC:  5    Str:  7 (10) XL:     3   Next: 92%
MP:   5/5           EV: 10    Int: 11 (13) God:
Gold: 143           SH:  0    Dex: 17 (18) Spells: 2/2 levels left

rFire   . . .        Y - +0 shortbow
rCold   . . .        (shield currently unavailable)
rNeg    . . .        f - +0 ring mail
rPois   +            (no helmet)
rElec   .            (no cloak)
rCorr   .            (no gloves)
SInv    .            (no boots)
Will    .....        (no amulet)
Stlth   +            j - ring of poison resistance
HPRegen 0.23/turn    (no ring)
MPRegen 0.09/turn

%: no passive effects
@: drained
A: no striking features
a: no special abilities


You were on level 2 of the Dungeon.
You visited 1 branch of the dungeon, and saw 3 of its levels.

You collected 143 gold pieces.


   Skills:
 - Level 1.5 Fighting
 + Level 7.4 Ranged Weapons
 - Level 2.4 Dodging
 - Level 1.2 Stealth


You had 2 spell levels left.
You didn't know any spells.
Your spell library was empty.

Inventory:

Hand Weapons
 Y - a +0 shortbow (weapon)
Armour
 f - a +0 ring mail (worn)
Jewellery
 j - a ring of poison resistance (left hand)
Scrolls
 g - a scroll of teleportation
Potions
 a - a potion of might {unknown}
 c - a potion of haste {unknown}
 d - a potion of heal wounds {unknown}
 e - a potion of resistance {unknown}
 h - a potion of curing {unknown}

Dungeon Overview and Level Annotations

Branches:
Dungeon (3/15)

Altars:

Shops:
D:3 :


Message History

The arrow hits the orc.
You kill the orc!
You shoot an arrow. The arrow hits the orc wizard.
The orc wizard is moderately wounded.
You shoot an arrow.
The arrow closely misses the orc wizard.
The arrow closely misses the orc.
You shoot an arrow. The arrow hits the orc wizard.
The orc wizard is severely wounded.
A giant cockroach comes into view.
The orc wizard hits you with a +0 dagger.
1577 ||| STAIRDANCE You climb upwards.
There is a stone staircase leading down here.
You start resting.
HP restored.
Done exploring.
(D) Dungeon
Where to? (* - list waypoints, Enter - D:3, ? - help)
What level of the Dungeon? (default 1, ? - help)
You climb downwards.
The orc closely misses you. x2; The orc barely misses you.
The orc wizard gestures wildly while chanting.
The orc wizard flickers and vanishes!
Deactivating autopickup; reactivate with Ctrl-A.
The orc barely misses you. The orc hits you with a +0 flail!
There is a stone staircase leading up here.
1586 ||| STAIRDANCE The orc misses you.
The orc hits you with a +0 flail. The orc completely misses you.
You climb upwards.
Reactivating autopickup.
There is a stone staircase leading down here.
You shoot an arrow. The arrow hits the orc.
The orc is severely wounded.
The orc barely misses you. The orc closely misses you.
The orc hits you with a +1 dagger of draining.
You feel drained.
You shoot an arrow. The arrow barely misses the orc.
The orc hits you with a +0 flail. The orc hits you with a +0 mace.
You die...

#.......#.# #.# ###########
#.#####.#.# #.# #.........#
#.# #.#.# #.# #%#######.# #.#
#.#.#####.# #.......#.# #.#
#.#.....#.#########.#.#
#.#####.#<....#...........#.#
#.........#################)#
#######.......o...........#.#
###.#####@o.......#.#.# #.#
#.o.......[!..#
#.#####.######....######
#.#..........#.........#
#.#...#......#...#####.#
#.###.#.#.#.[#.^.....#.#
#.........#.............
#####.#.###.##.....#.#.#
#.#.# #.##..####.#.#


You could see 3 orcs.

Vanquished Creatures
  An adder (D:2)
  2 dart slugs
  An orc (D:3)
  9 ball pythons
  5 endoplasms
  5 giant cockroaches
  3 goblins
  5 hobgoblins
  4 jackals (D:1)
  2 quokkas
  4 bats (D:2)
  2 frilled lizards
  3 rats
46 creatures vanquished.

Notes
Turn   | Place    | Note
-------+----------+-------------------------------------------
     0 | D:1      | qw the Deep Elf Hunter began the quest for the Orb.
     0 | D:1      | Reached XP level 1. HP: 12/12 MP: 3/3
     0 | D:1      | 0 ||| qw: Version: 0.3-a-9-g12657ce
     0 | D:1      | 0 ||| qw: Game counter: 2930
     0 | D:1      | 0 ||| qw: Always use a shield: true
     0 | D:1      | 0 ||| qw: God list: Okawaru
     0 | D:1      | 0 ||| qw: Allow faded altars: false
     0 | D:1      | 0 ||| qw: Do Orc after D:15 true
     0 | D:1      | 0 ||| qw: Do second Lair branch before Depths: true
     0 | D:1      | 0 ||| qw: Lair rune preference: random
     0 | D:1      | 0 ||| qw: Plans: Normal
     0 | D:1      | 0 ||| PLANNING D:1-11
    76 | D:1      | Reached skill level 6 in Ranged Weapons
    76 | D:1      | Reached XP level 2. HP: 16/16 MP: 4/4
   626 | D:1      | Reached XP level 3. HP: 20/20 MP: 5/5
   732 | D:1      | 732 ||| UPGRADING to +0 ring mail.
   742 | D:1      | 742 ||| DROPPING +0 leather armour.
   743 | D:1      | 743 ||| UPGRADING to ring of poison resistance.
   744 | D:1      | 744 ||| READING 2 scrolls labelled MAERRE WOCKA.
   745 | D:1      | 745 ||| READING scroll labelled LEIFYJ GUALAR.
   746 | D:1      | 746 ||| READING 2 scrolls labelled ZITESI UKLOS.
   747 | D:1      | 747 ||| READING scroll labelled OSIENT HAEBUFF.
   748 | D:1      | 748 ||| DROPPING scroll of fear.
   749 | D:1      | 749 ||| DROPPING scroll of butterflies.
   750 | D:1      | 750 ||| DROPPING scroll of blinking.
  1043 | D:2      | Reached skill level 7 in Ranged Weapons
  1555 | D:2      | 1555 ||| READING 2 scrolls labelled QOBOFY EFRETEB.
  1558 | D:2      | 1558 ||| READING scroll labelled MIOSTR MALI.
  1559 | D:2      | 1559 ||| DRINKING 2 murky ruby potions.
  1560 | D:2      | 1560 ||| DROPPING potion of degeneration.
  1572 | D:3      | Found Jierphut's Book Shop.
  1577 | D:3      | 1577 ||| STAIRDANCE
  1586 | D:3      | 1586 ||| STAIRDANCE
  1589 | D:2      | Slain by an orc

Levels and vault maps discovered:
D:1:      ncdulo_watergridlock, layout_basic
D:2:      layout_basic, dreamdust_wishing_well
D:3:      layout_rooms, serial_curves, eino_curves_03, eino_curves_02,
          serial_shops, shop, uniq_sigmund

Skill      XL: |  1  2  3 |
---------------+----------+-----
Ranged Weapons | 6 7 |  7.4
Fighting       | |  1.5
Dodging        | |  2.4
Stealth        | |  1.2

Action                     || total
---------------------------++-------
   Fire: Shortbow          ||   134
    Use: Scroll            ||     6
         Potion            ||     1
 Armour: Ring mail         ||     7
         Leather armour    ||     4
  Dodge: Dodged            ||    33

Table legend:
 A = Non-vault XP
 B = Vault XP
 C = Vault XP percentage of total XP
 D = Non-vault monster count
 E = Vault monster count
 F = Vault count percentage of total count
                 A         B        C        D         E       F
            +---------+---------+-------+---------+---------+-------
      Total |      93 |       0 |   0.0 |      46 |       0 |   0.0
            +---------+---------+-------+---------+---------+-------
        D:1 |      43 |       0 |   0.0 |      23 |       0 |   0.0
        D:2 |      47 |       0 |   0.0 |      22 |       0 |   0.0
        D:3 |       3 |       0 |   0.0 |       1 |       0 |   0.0
            +---------+---------+-------+---------+---------+-------
